 Dungeon Crawl Stone Soup version 0.31-a0-614-gc85dc1c48c (webtiles) character file.

Game seed: 14547994444940903826

5754 Locuples the Cleaver (level 10, -17/90 HPs)
             Began as a Minotaur Berserker on Aug 18, 2023.
             Was a High Priest of Trog.
             Killed from afar by an acid dragon (25 damage)
             ... with a splash of acid
             ... on level 7 of the Dungeon on Aug 22, 2023.
             The game lasted 00:11:56 (6803 turns).

Locuples the Cleaver (Minotaur Berserker)           Turns: 6803, Time: 00:11:57

Health: -17/90     AC:  7    Str: 23 (26) XL:     10   Next: 49%
Magic:  9/9        EV:  9    Int:  1 (4)  God:    Trog [*****.]
Gold:   341        SH:  0    Dex:  9 (10) Spells: 9/9 levels left

rFire   + . .        A - +0 hand axe (drain)
rCold   . . .        (no shield)
rNeg    . . .        b - +0 chain mail
rPois   .            (helmet restricted)
rElec   .            y - +0 cloak
rCorr   .            k - +0 pair of gloves
SInv    .            (no boots)
Will    ++...        (no amulet) Stlth
                     i - ring of protection from fire
HPRegen 1.35/turn    (no ring)
MPRegen 0.11/turn

%: no passive effects
@: strong-willed, corroded, on berserk cooldown, regenerating, hasted and slowed
A: horns 2, retaliatory headbutt
a: Renounce Religion, Berserk, Trog's Hand, Brothers in Arms


You were on level 7 of the Dungeon.
You worshipped Trog.
Trog was extremely pleased with you.
You visited 1 branch of the dungeon, and saw 7 of its levels.
You also visited: Ossuary.

You collected 341 gold pieces.

Inventory:

Hand Weapons
 A - a +0 hand axe of draining (weapon)
Armour
 b - a +0 chain mail (worn)
 k - a +0 pair of gloves (worn)
 y - a +0 cloak (worn)
Jewellery
 i - a ring of protection from fire (left hand)
Wands
 x - a wand of charming (10)
Scrolls
 c - 11 scrolls of identify {unknown}
 d - 2 scrolls of vulnerability {unknown}
 e - a scroll of torment {unknown}
 g - 5 scrolls of poison {unknown}
 h - a scroll of fear {unknown}
 j - 2 scrolls of teleportation {unknown}
 l - a scroll of revelation {unknown}
 m - a scroll of immolation {unknown}
 p - 2 scrolls of enchant armour {unknown}
 q - a scroll of amnesia {unknown}
 v - a scroll of blinking {unknown}
Potions
 f - 2 potions of haste
 n - a potion of curing {unknown}
 o - a potion of ambrosia {unknown}
 r - a potion of mutation {unknown}
 s - a potion of might {unknown}
 t - a potion of degeneration
 u - 2 potions of attraction {unknown}
 w - a potion of lignification {unknown}
 z - a potion of brilliance {unknown}


   Skills:
 + Level 8.9 Fighting
 + Level 13.4 Axes
 + Level 11.3 Armour
 - Level 2.1 Dodging


You had 9 spell levels left.
You didn't know any spells.
Your spell library was empty.

Dungeon Overview and Level Annotations

Branches:
Dungeon (7/15)             Temple (0/1) D:6         Ossuary (visited)

Altars:
Okawaru
Qazlal
Uskayaw
Xom
Zin

Shops:
D:3 *   D:5 *


Innate Abilities, Weirdness & Mutations

You have a pair of horns on your head.
You reflexively headbutt those who attack you in melee.


Message History

The acid dragon closely misses you.
The acid dragon claws you but does no damage.
You barely miss the acid dragon. Your headbutt misses the acid dragon.
You punch the acid dragon, but do no damage.
The acid dragon is heavily wounded.
You hit the orc warrior but do no damage.
The orc warrior hits you but does no damage.
The acid dragon bites you.
* * * LOW HITPOINT WARNING * * *
The acid dragon claws you but does no damage.
Your skin crawls.
You feel strong-willed.
The orc warrior hits you with a +0 mace.
* * * LOW HITPOINT WARNING * * *
The acid dragon spits acid at you. The splash of acid hits you!
* * * LOW HITPOINT WARNING * * *
The acid corrodes you!
The orc warrior throws a boomerang.
The boomerang hits you!
* * * LOW HITPOINT WARNING * * *
An iguana comes into view.
The acid dragon bites you.
* * * LOW HITPOINT WARNING * * *
The acid dragon claws you.
* * * LOW HITPOINT WARNING * * *
Things that are here:
a +2 heavy battleaxe; a +0 whip You hit the acid dragon.
You drain the acid dragon.
The acid dragon is severely wounded.
The acid dragon barely misses you. You furiously retaliate!
You headbutt the acid dragon. The acid dragon barely misses you.
It was a potion of haste.
You feel yourself speed up. The acid dragon misses you.
The acid dragon claws you but does no damage.
It was a potion of degeneration.
There was something very wrong with that liquid.
You feel weakened.
You feel dopey.
You feel clumsy. The acid dragon spits acid at you.
The splash of acid hits you!!
You die...

##############
####♣.♣########## #♣.
#.....# ♣.♣♣ #.≈ #)♣.♣.#
♣♣.♣# #.≈ #.♣.♣.# ♣♣.#
#.≈ #.♣♣♣.# ♣♣.♣# !.
#.♣♣♣.#♣♣.♣♣ . ♣.
##♣'♣##♣.♣♣
....#♣5♣♣♣#..>..#.♣♣♣♣#.#
P~...loD@†'..8..'..(....#
....#♣♣♣†♣#..<..#)♣♣♣♣###
. ♣..♣##♣'♣##♣.♣♣
♣.≈.♣#.♣.♣.#♣♣.♣♣
#..~.♣#♣.♣.♣# ♣♣.♣#
#.♣≈.♣#.♣.♣.# ♣♣.#
#...P♣#♣.♣.♣# ♣♣.♣# #
♣.♣♣#.♣.♣.# ♣.♣♣
#####♣.♣## ### ##


You could see an orc warrior, an acid dragon (catching breath, very drained), an
iguana and a shadow imp.

Vanquished Creatures
  Pikel (D:5)
  A deep elf pyromancer (D:7)
  A manticore (D:7)
  Prince Ribbit (D:5)
  Grinder (D:4)
  A shadow (D:7)
  2 steam dragons
  A vampire mosquito (D:7)
  Duvessa (D:4)
  2 water moccasins
  3 ice beasts
  A black bear (D:4)
  2 orc warriors
  A sky beast (D:6)
  3 ogres
  2 phantoms (D:5)
  3 kobold brigands
  Blork the orc (D:4)
  An elf zombie (Ossuary)
  A bullfrog (D:7)
  A gnoll sergeant (D:7)
  6 scorpions
  6 wights
  Dowan (D:4)
  5 killer bees
  A centaur zombie (Ossuary)
  A hound (D:6)
  A jelly (D:4)
  3 human zombies (Ossuary)
  3 orc priests
  A sleepcap (D:6)
  Ijyb (D:5)
  9 iguanas
  3 orc wizards
  A hound zombie (Ossuary)
  3 mummies (Ossuary)
  Robin (D:3)
  4 adders
  2 gnolls (D:7)
  A white imp (D:6)
  An ufetubus (D:4)
  An adder zombie (Ossuary)
  2 worms
  11 dart slugs
  14 orcs
  A bat (D:3)
  3 endoplasms
  2 giant cockroaches
  8 goblins
  10 hobgoblins
  3 quokkas
  7 ball pythons
  16 frilled lizards
  A gnoll zombie (Ossuary)
  6 goblin zombies (Ossuary)
  2 hobgoblin zombies (Ossuary)
  4 jackal zombies (Ossuary)
  15 kobolds
  6 kobold zombies (Ossuary)
  4 orc zombies (Ossuary)
  4 quokka zombies (Ossuary)
  6 rats
  3 rat zombies (Ossuary)
214 creatures vanquished.

Vanquished Creatures (others)
  A jelly (D:5)
1 creature vanquished.

Grand Total: 215 creatures vanquished

Notes
Turn   | Place    | Note
-------+----------+-------------------------------------------
     0 | D:1      | Locuples the Minotaur Berserker began the quest for the
                  | Orb.
     0 | D:1      | Reached XP level 1. HP: 19/19 MP: 0/0
   101 | D:1      | Reached skill level 4 in Axes
   101 | D:1      | Reached XP level 2. HP: 26/27 MP: 1/1
   837 | D:2      | Reached ** piety under Trog
   973 | D:2      | Reached XP level 3. HP: 32/33 MP: 2/2
  1252 | D:3      | Noticed Robin
  1260 | D:3      | Killed Robin
  1261 | D:3      | Reached XP level 4. HP: 22/41 MP: 3/3
  1264 | D:3      | Reached skill level 5 in Axes
  1751 | D:3      | Found Wilirphavao's Assorted Antiques.
  2060 | D:4      | Found an iron altar of Okawaru.
  2142 | D:4      | Noticed Blork the orc
  2158 | D:4      | Killed Blork the orc
  2159 | D:4      | Reached skill level 5 in Fighting
  2159 | D:4      | Reached XP level 5. HP: 5/48 MP: 4/4
  2334 | D:4      | Noticed Dowan
  2336 | D:4      | Noticed Duvessa
  2337 | D:4      | Reached skill level 6 in Axes
  2345 | D:4      | Killed Dowan
  2354 | D:4      | Killed Duvessa
  2355 | D:4      | Reached XP level 6. HP: 42/56 MP: 5/5
  2456 | D:4      | Found a hide-covered altar of Uskayaw.
  2472 | D:4      | Reached skill level 7 in Axes
  2472 | D:4      | Reached skill level 5 in Armour
  2572 | D:4      | Reached XP level 7. HP: 52/61 MP: 6/6
  2617 | D:4      | Noticed Grinder
  2639 | D:4      | Paralysed by Grinder for 4 turns
  2643 | D:4      | Killed Grinder
  2644 | D:4      | Reached skill level 8 in Axes
  2806 | D:5      | Entered Level 5 of the Dungeon
  3141 | D:5      | Reached *** piety under Trog
  3149 | D:5      | Reached XP level 8. HP: 63/70 MP: 7/7
  3221 | D:5      | Noticed Prince Ribbit
  3252 | D:5      | Killed Prince Ribbit
  3253 | D:5      | Reached skill level 9 in Axes
  3403 | D:5      | Found a sand-covered staircase.
  3421 | Ossuary  | Entered an ossuary
  3634 | Ossuary  | Reached **** piety under Trog
  3691 | Ossuary  | Reached skill level 10 in Axes
  3876 | D:5      | Noticed Pikel
  3893 | D:5      | Killed Pikel
  3894 | D:5      | Reached XP level 9. HP: 18/79 MP: 8/8
  3899 | D:5      | Reached skill level 11 in Axes
  4102 | D:5      | Found Zin's Purification Station.
  4104 | D:5      | Found a glowing silver altar of Zin.
  4182 | D:5      | Noticed Ijyb
  4205 | D:5      | Killed Ijyb
  4687 | D:5      | Upgraded the game from 0.31-a0-569-g7ea453304b to
                  | 0.31-a0-614-gc85dc1c48c
  5252 | D:6      | Reached skill level 12 in Axes
  5318 | D:6      | Found a shimmering altar of Xom.
  5521 | D:6      | Found a staircase to the Ecumenical Temple.
  5698 | D:6      | Reached skill level 10 in Armour
  5820 | D:6      | Reached ***** piety under Trog
  6086 | D:7      | Reached XP level 10. HP: 65/88 MP: 9/9
  6203 | D:7      | Found a stormy altar of Qazlal.
  6447 | D:7      | Noticed a deep elf pyromancer
  6454 | D:7      | Killed a deep elf pyromancer
  6477 | D:7      | Reached skill level 13 in Axes
  6745 | D:7      | Noticed a manticore
  6774 | D:7      | Killed a manticore
  6792 | D:7      | Received a gift from Trog
  6800 | D:7      | HP: 4/90 [acid dragon (3)]
  6803 | D:7      | Killed from afar by an acid dragon

Illustrated notes

Levels and vault maps discovered:
D:1:      minmay_arrival_solitary_statue, layout_rooms,
          ebering_dispersal_statue_hall
D:2:      cheibrodos_old_hovel, layout_loops_cross, minmay_misc_feat_five
D:3:      layout_basic, serial_rivers, chequers_serial_rivers_micro_d,
          chequers_serial_rivers_micro_c, chequers_serial_rivers_micro_c,
          chequers_serial_rivers_small_b, chequers_serial_rivers_large_a,
          chequers_serial_rivers_micro_a, serial_shops, shop, uniq_robin
D:4:      layout_basic, mainiacjoe_overflow_boulevard,
          mainiacjoe_overflow_chevrons, uniq_grinder, uniq_blork_the_orc,
          uniq_duvessa
D:5:      kennysheep_slugbush, layout_loops_ring, zin_purify,
          chequers_ossuary_entry_cave, serial_rivers,
          chequers_serial_rivers_small_b, chequers_serial_rivers_small_b,
          chequers_serial_rivers_small_3, chequers_serial_rivers_micro_e,
          chequers_serial_rivers_micro_e, lexackson_kobold_supper, uniq_pikel,
          uniq_prince_ribbit1, uniq_ijyb
D:6:      layout_rooms, mainiacjoe_overflow_paths,
          minmay_temple_entry_statues_fountains, minmay_lizard_king
D:7:      nzn_winding_woodlands_stair_cross [nzn_winding_woodlands_5x15_jagged,
          nzn_winding_woodlands_center_garden,
          nzn_winding_woodlands_5x15_pathside_ponds,
          nzn_winding_woodlands_5x5_checkerboard,
          nzn_winding_woodlands_5x5_three, nzn_winding_woodlands_5x15_sawtooth,
          nzn_winding_woodlands_center_lodge,
          nzn_winding_woodlands_5x15_lazy_stream], layout_gridville,
          nicolae_qazlal_scattered_showers, minivault_5

Skill      XL: |  1  2  3  4  5  6  7  8  9 10 |
---------------+-------------------------------+-----
Fighting       | 4 5 7 8 |  8.9
Axes           | 4 5 6 7 8 10 12 13 | 13.4
Armour         | 3 4 5 6 7 10 11 | 11.3
Dodging        | |  2.1

Action                     |  1- 3 |  4- 6 |  7- 9 | 10-12 || total
---------------------------+-------+-------+-------+-------++-------
  Melee: Hand axe          |    64 |    97 |   537 |   114 ||   812
         Headbutt          |    14 |    16 |   142 |    16 ||   188
         Punch             |       |     2 |     5 |     1 ||     8
 Invoke: Berserk           |       |     1 |     3 |     2 ||     6
         Trog's Hand       |       |       |       |     1 ||     1
    Use: Potion            |       |       |       |     2 ||     2
 Armour: Animal skin       |     2 |       |       |       ||     2
         Chain mail        |    22 |    75 |   182 |    53 ||   332
         Ring mail         |     3 |       |       |       ||     3
  Dodge: Dodged            |    26 |    47 |   142 |    36 ||   251

Table legend: (Time is in decaauts)
 A = Elapsed time spent in this place.
 B = Non-inter-level travel time spent in this place.
 C = Inter-level travel time spent in this place.
 D = Time resting spent in this place.
 E = Time spent auto-exploring this place.
 F = Levels seen in this place.
 G = Mean time per level.
                   A        B        C        D        E       F      G
               +--------+--------+--------+--------+--------+-----+--------+
         Total |   6741 |   6660 |     81 |    634 |   4368 |   8 |  842.6 |
       Dungeon |   6345 |   6264 |     81 |    634 |   4154 |   7 |  906.4 |
       Ossuary |    395 |    395 |      0 |      0 |    214 |   1 |  395.0 |
               +--------+--------+--------+--------+--------+-----+--------+

Top non-repeatable levels by time:
     D:5: 1850 daAuts
     D:3: 997 daAuts
     D:7: 888 daAuts
     D:6: 773 daAuts
     D:4: 765 daAuts
     D:2: 571 daAuts
     D:1: 499 daAuts
 Ossuary: 395 daAuts
